[ AOE2 MATCH · #513594935 ]
UnrankedTeutons vs Bengalis
Player's team · WIN
Rival team · LOSS
[ REPLAY ANALYSIS · EXTRACTED FROM THE RECORDED GAME ]
Feudal
8:52
Castle
23:00
Imperial
—
| APM avg | 39.4 |
| APM peak | 69 |
| eAPM avg | 26.3 |
| Villagers / military | 53 / 0 |
Focus
⚔️ 22.2% · 🌾 77.8%
Feudal
10:14
Castle
17:26
Imperial
—
| APM avg | 29.0 |
| APM peak | 57 |
| eAPM avg | 15.2 |
| Villagers / military | 32 / 4 |
Focus
⚔️ 28.7% · 🌾 71.3%
Mangonel ×4
Match map
Initial resources + every placement click. Lines = walls · curves = elevation contours. ◆ gold · ⬟ stone · ● berries · ✦ relic · ◌ wall gap
Your base· ✓ Closed at 23:00 · 0t walls · 3 gate(s)
Yng_Triceratops's base· ✓ Closed at 17:26 · 34t walls · 3 gate(s)
Smoothed initial terrain · ◌ = detected wall gap · hover for details
Inputs per minute
— David_77 - - Yng_Triceratops
Build order — David_77
110 actions detected in the replay
| 0:01 | Queue | Villager (Male) |
| 0:01 | Queue | Villager (Male) |
| 0:01 | Queue | Villager (Male) |
| 0:02 | Build | House |
| 0:05 | Build | House |
| 0:10 | Queue | Villager (Male) |
| 0:10 | Queue | Villager (Male) |
| 1:24 | Queue | Villager (Male) |
| 1:25 | Queue | Villager (Male) |
| 1:45 | Build | Lumber Camp |
| 2:05 | Queue | Villager (Male) |
| 2:05 | Queue | Villager (Male) |
| 2:06 | Queue | Villager (Male) |
| 2:25 | Queue | Villager (Male) |
| 2:25 | Queue | Villager (Male) |
| 2:59 | Build | House |
| 3:19 | Queue | Villager (Male) |
| 3:47 | Queue | Villager (Male) |
| 3:48 | Queue | Villager (Male) |
| 4:20 | Build | Mill |
| 4:27 | Queue | Villager (Male) |
| 4:37 | Queue | Villager (Male) |
| 5:27 | Queue | Villager (Male) |
| 5:41 | Queue | Villager (Male) |
| 6:15 | Queue | Villager (Male) |
| 6:41 | Research | Feudal Age |
| 6:54 | Build | House |
| 6:55 | Build | Mining Camp |
| 7:39 | Research | Loom |
| 8:34 | Queue | Villager (Male) |
| 8:48 | Build | Palisade Gate |
| 8:52 | Age | Feudal Age |
| 8:58 | Build | Watch Tower |
| 9:07 | Queue | Villager (Male) |
| 9:11 | Build | House |
| 9:12 | Build | Blacksmith |
| 9:20 | Queue | Villager (Male) |
| 10:01 | Queue | Villager (Male) |
| 10:01 | Queue | Villager (Male) |
| 10:23 | Build | Watch Tower |
| 11:16 | Queue | Villager (Male) |
| 11:16 | Queue | Villager (Male) |
| 11:26 | Build | Watch Tower |
| 11:30 | Queue | Villager (Male) |
| 11:56 | Queue | Villager (Male) |
| 11:58 | Build | Farm |
| 12:24 | Queue | Villager (Male) |
| 12:28 | Build | House |
| 12:44 | Build | Mining Camp |
| 12:51 | Queue | Villager (Male) |
| 12:54 | Build | Farm |
| 12:57 | Build | Farm |
| 13:24 | Queue | Villager (Male) |
| 13:26 | Build | Farm |
| 13:31 | Queue | Villager (Male) |
| 13:39 | Build | Farm |
| 13:56 | Build | Watch Tower |
| 14:12 | Queue | Villager (Male) |
| 14:22 | Build | House |
| 14:50 | Build | Watch Tower |
| 14:51 | Queue | Villager (Male) |
| 14:55 | Build | Farm |
| 15:21 | Queue | Villager (Male) |
| 15:27 | Build | Farm |
| 15:43 | Queue | Villager (Male) |
| 16:09 | Queue | Villager (Male) |
| 16:14 | Build | Farm |
| 16:28 | Build | Lumber Camp |
| 16:42 | Queue | Villager (Male) |
| 16:59 | Build | Farm |
| 17:00 | Queue | Villager (Male) |
| 17:05 | Build | House |
| 17:27 | Build | Market |
| 18:05 | Queue | Villager (Male) |
| 18:08 | Build | Farm |
| 18:09 | Build | Farm |
| 18:11 | Queue | Villager (Male) |
| 18:28 | Build | Farm |
| 18:30 | Queue | Villager (Male) |
| 18:35 | Build | House |
| 18:53 | Build | Farm |
| 18:56 | Build | Farm |
| 18:58 | Queue | Villager (Male) |
| 19:18 | Build | Farm |
| 19:35 | Build | Farm |
| 19:38 | Queue | Villager (Male) |
| 20:00 | Build | House |
| 20:20 | Research | Castle Age |
| 20:21 | Research | Castle Age |
| 21:02 | Research | Double-Bit Axe |
| 21:37 | Research | Fletching |
| 23:00 | Age | Castle Age |
| 23:02 | Build | University |
| 23:15 | Build | Watch Tower |
| 23:18 | Queue | Villager (Male) |
| 23:22 | Queue | Villager (Male) |
| 23:51 | Research | Guard Tower (upgrade) |
| 23:51 | Research | Guard Tower (upgrade) |
| 24:11 | Queue | Villager (Male) |
| 24:25 | Research | Bodkin Arrow |
| 24:27 | Queue | Villager (Male) |
| 25:08 | Queue | Villager (Male) |
| 25:09 | Queue | Villager (Male) |
| 25:10 | Build | Farm |
| 25:11 | Build | Farm |
| 25:13 | Research | Bow Saw |
| 25:13 | Research | Bow Saw |
| 25:31 | Queue | Villager (Male) |
| 25:55 | Queue | Villager (Male) |
| 25:56 | Build | Farm |
Build order — Yng_Triceratops
68 actions detected in the replay
| 0:00 | Queue | Villager (Male) |
| 0:01 | Queue | Villager (Male) |
| 0:01 | Queue | Villager (Male) |
| 0:04 | Build | House |
| 0:05 | Build | House |
| 0:22 | Queue | Villager (Male) |
| 1:34 | Queue | Villager (Male) |
| 2:04 | Queue | Villager (Male) |
| 2:19 | Queue | Villager (Male) |
| 2:31 | Queue | Villager (Male) |
| 2:51 | Queue | Villager (Male) |
| 3:15 | Queue | Villager (Male) |
| 3:54 | Build | House |
| 4:09 | Queue | Villager (Male) |
| 4:25 | Build | Mill |
| 4:33 | Queue | Villager (Male) |
| 4:45 | Build | Lumber Camp |
| 4:54 | Build | House |
| 5:04 | Queue | Villager (Male) |
| 5:31 | Queue | Villager (Male) |
| 5:56 | Queue | Villager (Male) |
| 6:23 | Queue | Villager (Male) |
| 6:48 | Queue | Villager (Male) |
| 7:14 | Queue | Villager (Male) |
| 7:14 | Queue | Villager (Male) |
| 7:46 | Build | Mining Camp |
| 7:56 | Research | Feudal Age |
| 8:18 | Build | House |
| 9:06 | Build | Palisade Wall |
| 9:12 | Build | Palisade Wall |
| 9:22 | Build | Palisade Wall |
| 10:14 | Age | Feudal Age |
| 10:20 | Queue | Villager (Male) |
| 10:27 | Build | Market |
| 10:38 | Build | Palisade Wall |
| 10:43 | Research | Loom |
| 11:14 | Build | Blacksmith |
| 11:25 | Queue | Villager (Male) |
| 12:02 | Queue | Villager (Male) |
| 12:12 | Queue | Villager (Male) |
| 13:12 | Build | Stone Wall |
| 13:27 | Build | Stone Wall |
| 13:45 | Queue | Villager (Male) |
| 14:46 | Research | Castle Age |
| 14:52 | Build | Stone Wall |
| 16:15 | Build | Lumber Camp |
| 17:26 | Age | Castle Age |
| 17:26 | Build | Gate |
| 18:10 | Build | Siege Workshop |
| 18:19 | Queue | Villager (Male) |
| 18:38 | Build | House |
| 19:03 | Build | Lumber Camp |
| 19:22 | Queue | Mangonel |
| 20:01 | Queue | Mangonel |
| 20:32 | Queue | Villager (Male) |
| 21:23 | Queue | Villager (Male) |
| 21:39 | Queue | Mangonel |
| 22:01 | Build | Market |
| 23:05 | Build | Mill |
| 23:20 | Queue | Villager (Male) |
| 23:20 | Queue | Villager (Male) |
| 23:34 | Build | Stone Wall |
| 24:15 | Queue | Villager (Male) |
| 24:15 | Queue | Villager (Male) |
| 24:20 | Build | House |
| 24:46 | Build | House |
| 24:58 | Queue | Villager (Male) |
| 25:27 | Queue | Mangonel |
Match timeline
| 8:52 | David_77 · age_up feudal |
| 9:06 | Yng_Triceratops · wall_segment Palisade Wall x5 |
| 9:12 | Yng_Triceratops · wall_segment Palisade Wall x9 |
| 9:22 | Yng_Triceratops · wall_segment Palisade Wall x9 |
| 10:14 | Yng_Triceratops · age_up feudal |
| 10:38 | Yng_Triceratops · wall_segment Palisade Wall x1 |
| 11:51 | Yng_Triceratops · first_market_sell 100 stone |
| 11:58 | Yng_Triceratops · first_market_buy 100 food |
| 13:12 | Yng_Triceratops · wall_segment Stone Wall x4 |
| 13:27 | Yng_Triceratops · wall_segment Stone Wall x3 |
| 14:52 | Yng_Triceratops · wall_segment Stone Wall x6 |
| 17:26 | Yng_Triceratops · age_up castle |
| 18:10 | Yng_Triceratops · first_building Siege Workshop |
| 23:00 | David_77 · age_up castle |
| 23:34 | Yng_Triceratops · wall_segment Stone Wall x1 |
| 25:58 | Yng_Triceratops · resign |
[ AI ANALYSIS · 1 CREDIT ]
What really happened in this match?
Wolo.gg analyzes every decision: build order, eco, micro, common mistakes by bracket. Personalized analysis on WhatsApp or Discord in 30 seconds.
Civ guide
Teutons
Perfil
Jugador #5862890